 Dungeon Crawl Stone Soup version 0.30.1-11-g7821555f0a (webtiles) character file.

Game seed: 4909980127852979471

140 comborobin the Sneak (level 5, -2/41 HPs)
             Began as a Formicid Delver on Dec 18, 2023.
             Slain by a black bear (4 damage)
             ... on level 4 of the Dungeon.
             The game lasted 00:01:45 (981 turns).

comborobin the Sneak (Formicid Delver)               Turns: 981, Time: 00:01:46

Health: -2/41      AC:  3    Str: 18    XL:     5   Next: 46%
Magic:  5/5        EV: 12    Int: 10    God:
Gold:   16         SH:  0    Dex: 15    Spells: 4/4 levels left

rFire   . . .        h - +2 dagger (venom)
rCold   . . .        (no shield)
rNeg    . . .        b - +0 leather armour
rPois   .            (helmet unavailable)
rElec   .            (no cloak)
rCorr   .            (no gloves)
SInv    +            (no boots)
Will    .....        (no amulet)
Stlth   +++          (no ring)
HPRegen 0.26/turn    (no ring)
MPRegen 0.09/turn

%: no passive effects
@: no status effects
A: permanent stasis, dig shafts and tunnels, antennae 3, four strong arms
a: Dig, Shaft Self


You were on level 4 of the Dungeon.
You visited 1 branch of the dungeon, and saw 2 of its levels.

You collected 16 gold pieces.

Inventory:

Hand Weapons
 a - a +0 halberd
 h - a +2 dagger of venom (weapon)
Armour
 b - a +0 leather armour (worn)
Wands
 e - a wand of roots (8)
 f - a wand of digging (3)
Scrolls
 c - a scroll of fog
 d - a scroll of magic mapping
 g - a scroll of identify {unknown}


   Skills:
 - Level 3.2 Fighting
 - Level 3.9 Maces & Flails
 + Level 3.2 Polearms
 - Level 1.7 Dodging
 - Level 6.0 Stealth


You had 4 spell levels left.
You didn't know any spells.
Your spell library contained the following spells:

 Spells                   Type           Power      Damage    Failure   Level
 Conjure Ball Lightning   Conj/Air       0%         3x3d6     100%        6
 Discord                  Hex            0%         N/A       100%        8
 Disjunction              Tloc           0%         N/A       100%        8


Dungeon Overview and Level Annotations

Branches:
Dungeon (5/15)
 Temple: D:4-7

Altars:
Elyvilon
Nemelex Xobeh
Xom

Annotations:
D:5 exclusion: iguana


Innate Abilities, Weirdness & Mutations

You cannot be hasted, slowed, berserked, paralysed or teleported.
You can dig through walls and to a lower floor.
You have a pair of large antennae on your head. (SInv)
Your four strong arms can wield two-handed weapons with a shield.


Message History

You hit the black bear.
The black bear looks as sick as possible!
The black bear is heavily wounded.
The black bear bites you.
The black bear claws you but does no damage.
The black bear claws you.
You hit the black bear but do no damage.
The black bear looks as sick as possible!
The black bear is heavily wounded.
The black bear closely misses you.
The black bear claws you but does no damage.
The black bear closely misses you.
You hit the black bear.
The black bear looks as sick as possible!
The black bear is heavily wounded.
The black bear bites you. The black bear claws you. x2
You hit the black bear but do no damage.
The black bear looks as sick as possible!
Your punch misses the black bear.
The black bear is severely wounded.
The black bear goes berserk!
You barely miss the black bear.
The black bear is severely wounded.
The black bear bites you. The black bear closely misses you.
The black bear claws you but does no damage.
You barely miss the black bear.
The black bear is almost dead.
The black bear barely misses you. The black bear claws you.
The black bear claws you but does no damage.
The black bear bites you!
* * * LOW HITPOINT WARNING * * *
The black bear claws you.
* * * LOW HITPOINT WARNING * * *
The black bear claws you.
* * * LOW HITPOINT WARNING * * *
Unknown command.
The black bear bites you!
* * * LOW HITPOINT WARNING * * *
The black bear claws you.
You die...

..##.##.......#..
.........####....#.
....####.# #.#...#
## #.# #.##.##
#.####>.. .
#......##.#
######.###...#.#
................#
........###@..#.#
############h##
#.....# #.....#
<..........
####.......#
#.......# ###.##..#
#. ..#


You could see a black bear (berserk, extremely poisoned).

Vanquished Creatures
  A jelly (D:5)
  An iguana (D:4)
  6 gnolls
  2 adders
  A dart slug (D:5)
  An orc (D:5)
  A hobgoblin (D:4)
13 creatures vanquished.

Notes
Turn   | Place    | Note
-------+----------+-------------------------------------------
     0 | D:5      | comborobin the Formicid Delver began the quest for the Orb.
     0 | D:5      | Reached XP level 1. HP: 18/18 MP: 1/1
    40 | D:5      | Noticed a jelly
    48 | D:5      | Killed a jelly
    49 | D:5      | Reached XP level 2. HP: 14/24 MP: 2/2
    49 | D:5      | Reached XP level 3. HP: 17/29 MP: 3/3
   115 | D:5      | Found a shimmering altar of Xom.
   115 | D:5      | Found a white marble altar of Elyvilon.
   116 | D:5      | Found a sparkling altar of Nemelex Xobeh.
   317 | D:4      | Reached XP level 4. HP: 35/35 MP: 4/4
   333 | D:4      | Reached skill level 1 in Polearms
   471 | D:4      | HP: 1/35 [gnoll/+0 whip (8)]
   642 | D:5      | Reached XP level 5. HP: 11/41 MP: 5/5
   967 | D:4      | Noticed a black bear
   981 | D:4      | HP: 2/41 [black bear (8)]
   981 | D:4      | Slain by a black bear

Illustrated notes

Levels and vault maps discovered:
D:4:      layout_loops_ring, mainiacjoe_overflow_24_doors,
          grunt_dithmenos_smoke, nicolae_shop_i_like_small_books_too,
          hangedman_decor_clover_reticule, uniq_pikel, uniq_menkaure,
          uniq_duvessa
D:5:      layout_basic, gammafunk_temple_overflow_forgotten

Skill      XL: |  1  2  3  4  5 |
---------------+----------------+-----
Maces & Flails | 3 |  3.9
Polearms       | 2 3 |  3.2
Fighting       | |  3.2
Dodging        | |  1.7
Stealth        | |  6.0

Action                     |  1- 3 |  4- 6 || total
---------------------------+-------+-------++-------
  Melee: Mace              |    13 |       ||    13
         Halberd           |     1 |    15 ||    16
         Dagger            |       |    36 ||    36
    Use: Scroll            |       |     1 ||     1
   Stab: Sleeping          |     2 |     1 ||     3
 Armour: Leather armour    |     3 |    12 ||    15
  Dodge: Dodged            |    12 |    45 ||    57
